 Dungeon Crawl Stone Soup version 0.32-a0-612-g1c984fe9d1 (webtiles) character file.

Game seed: 13008578322060404683

2 FireWizard44 the Scratcher (level 1, -6/10 HPs)
             Began as a Felid Shapeshifter on Feb 28, 2024.
             Mangled by a gnoll
             ... wielding a +0 club
              (7 damage)
             ... on level 2 of the Dungeon on Mar 4, 2024.
             The game lasted 00:01:54 (95 turns).

FireWizard44 the Scratcher (Felid Shapeshifter)       Turns: 95, Time: 00:01:55

Health: -6/10      AC:  1    Str: 10    XL:     1   Next: 33%
Magic:  2/2        EV: 17    Int: 13    God:
Gold:   0          SH:  0    Dex: 15    Spells: 0/0 levels left
                                        Lives:  0   Deaths: 1

rFire   . .          .
                       - Unarmed
rCold   . . .        (shield unavailable)
rNeg    . . .        (body armour unavailable)
rPois   .            (helmet unavailable)
rElec   .            (cloak unavailable)
rCorr   .            (gloves unavailable)
SInv    +            (boots unavailable)
Will    .....        (no amulet)
Stlth   +            (no ring)
HPRegen 0.21/turn    (no ring)
MPRegen 0.08/turn

%: no passive effects
@: beast-form
A: beast (slay +1), very small, claws 1, fangs 3, see invisible, shaggy fur 1,
stealthy paws, no weapons or thrown items, no armour, multi-lived
a: Begin Untransformation


You were on level 2 of the Dungeon.
You were a hulking beast.
You visited 1 branch of the dungeon, and saw 2 of its levels.

Inventory:

Hand Weapons
 e - a +1 mace of draining
Talismans
 b - a beast talisman (active)
 c - a flux talisman
Scrolls
 d - a scroll of revelation {unknown}
Potions
 a - a potion of lignification
 f - 2 potions of mutation {unknown}


   Skills:
 + Level 1.0 Fighting
 + Level 2.6 Dodging
 + Level 3.0 Unarmed Combat
 + Level 2.8 Shapeshifting


You couldn't memorise any spells.
You didn't know any spells.
Your spell library was empty.

Dungeon Overview and Level Annotations

Branches:
Dungeon (2/15)

Altars:

Shops:
D:1 [


Innate Abilities, Weirdness & Mutations

You are a hulking beast.
Your limbs bulge with bestial killing power. (Slay +1)
You have sharp claws.
You have razor-sharp teeth.
You have supernaturally acute eyesight. (SInv)
You are covered in fur. (AC +1)
Your paws help you pounce on unaware monsters.
You are incapable of wielding weapons or throwing items.
You cannot wear armour.
You gain extra lives every three experience levels.


Message History

The endoplasm freezes you.
You are frozen.
* * * LOW HITPOINT WARNING * * *
The dart slug bites you.
* * * LOW HITPOINT WARNING * * *
You see here a +1 mace of draining.
e - a +1 mace of draining The ball python closely misses you.
The ball python barely misses you. The endoplasm freezes you.
You are frozen.
* * * LOW HITPOINT WARNING * * *
There are monsters nearby!
The ball python bites you.
You die...
Your shape twists and changes as you die.
The ball python grabs you. The ball python constricts you.
The endoplasm freezes you.
You are frozen.
The ribbon worm expels a string of sticky webbing.
The stream of webbing hits your lifeless body but does no damage.
You are caught in a web!
The dart slug bites you.
You rejoin the land of the living...
Something loses its grip on you.
Found 2 smoky brown potions.
You begin untransforming.
You continue untransforming.
Welcome back, FireWizard44 the Felid Shapeshifter.
Press ? for a list of commands and other information. 2 gnolls come into view.
f - 2 smoky brown potions The gnoll shouts!
A gnoll comes into view. It is wielding a +0 club.
A gnoll comes into view. It is wielding a +0 spear.
The gnoll shouts!
The gnoll hits you with a +0 club!
Ouch! That really hurt!
* * * LOW HITPOINT WARNING * * *
You scratch the gnoll.
The gnoll is moderately wounded.
The gnoll barely misses you. x2; The gnoll hits you with a +0 club!
Ouch! That really hurt!
You die...

#.###.##
#.##...##
#.#.....##
#........###
#...........
###........#..
#.............
#.#..#........
#.#gh#######.#
# #gg# # #g.#
.... ###.# #.#
... ...


You could see 4 gnolls.

Vanquished Creatures
  A ball python (D:1)
  2 rats
3 creatures vanquished.

Notes
Turn   | Place    | Note
-------+----------+-------------------------------------------
     0 | D:1      | FireWizard44 the Felid Shapeshifter began the quest for the
                  | Orb.
     0 | D:1      | Reached XP level 1. HP: 10/10 MP: 2/2
    19 | D:1      | Found Rynodwak's Armour Shop.
    85 | D:2      | Slain by a ball python
    85 | D:2      | Lost a life (0 lives remaining)
    87 | D:2      | Upgraded the game from 0.32-a0-540-g866d13106e to
                  | 0.32-a0-612-g1c984fe9d1
    95 | D:2      | Mangled by a gnoll

Illustrated notes

Levels and vault maps discovered:
D:1:      spicycebolla_arrival_clurvy, layout_loops_ring, serial_shops,
          nicolae_shop_advertising_works [nicolae_subvault_shop_adworks],
          roderic_lattice_a
D:2:      layout_loops_ring, uniq_jessica

Action                     || total
---------------------------++-------
  Melee: Unarmed           ||    17
         Bite              ||     3
         Punch             ||     1
 Armour: Skin              ||     9
  Dodge: Dodged            ||    18
         Form:             ||     1

Table legend: (Time is in decaauts)
 A = Elapsed time spent in this place.
 B = Non-inter-level travel time spent in this place.
 C = Inter-level travel time spent in this place.
 D = Time resting spent in this place.
 E = Time spent auto-exploring this place.
 F = Levels seen in this place.
 G = Mean time per level.
                   A        B        C        D        E       F      G
               +--------+--------+--------+--------+--------+-----+--------+
         Total |     94 |     94 |      0 |      0 |      0 |   2 |   47.0 |
       Dungeon |     94 |     94 |      0 |      0 |      0 |   2 |   47.0 |
               +--------+--------+--------+--------+--------+-----+--------+

Top non-repeatable levels by time:
     D:1: 59 daAuts
     D:2: 34 daAuts
